 Dungeon Crawl Stone Soup version 0.32-a0-361-g289a535e89 (webtiles) character file.

Game seed: 10511610146575859922

18 ytrimaz the Cutter (level 2, 0/22 HPs)
             Began as a Coglin Gladiator on Feb 18, 2024.
             Slain by an endoplasm (3 damage)
             ... on level 1 of the Dungeon.
             The game lasted 00:00:41 (146 turns).

ytrimaz the Cutter (Coglin Gladiator)                Turns: 146, Time: 00:00:41

Health: 0/22       AC:  5    Str: 14    XL:     2   Next: 70%
Magic:  2/2        EV: 12    Int:  7    God:
Gold:   38         SH:  0    Dex: 15    Spells: 1/1 levels left

rFire   . . .        a - +0 rapier {Surin}
rCold   . . .        (no shield)
rNeg    . . .        b - +0 leather armour
rPois   .            c - +0 helmet
rElec   .            (no cloak)
rCorr   .            (no gloves)
SInv    .            h - +0 pair of boots
Will    .....        (no amulet)
Stlth   +            (no ring)
HPRegen 0.23/turn    (no ring)
MPRegen 0.08/turn

%: no passive effects
@: revved, stiff-legged, very slow
A: off-hand wielding, slow wielding, warmup strikes, warmup strides
a: no special abilities


You were on level 1 of the Dungeon.
You visited 1 branch of the dungeon, and saw 1 of its levels.

You collected 38 gold pieces.


Innate Abilities, Weirdness & Mutations

You can wield a second weapon in your off-hand.
It takes a long time for you to wield or remove held weapons.
Your first few attacks do less damage.
Your first movements take longer.


   Skills:
 - Level 2.0 Fighting
 * Level 3.5 Short Blades
 - Level 1.7 Throwing
 - Level 2.6 Dodging


You had one spell level left.
You didn't know any spells.
Your spell library was empty.

Inventory:

Hand Weapons
 a - a +0 rapier (weapon) {Surin}
 f - a +0 dagger
   (You took it off a goblin on level 1 of the Dungeon)
Missiles
 d - 3 throwing nets (quivered)
 e - a javelin
Armour
 b - a +0 leather armour (worn)
 c - a +0 helmet (worn)
 h - a +0 pair of boots (worn)
   (You found it on level 1 of the Dungeon)
Scrolls
 j - a scroll of teleportation {unknown}
Potions
 i - 2 potions of lignification {unknown}

Dungeon Overview and Level Annotations

Branches:
Dungeon (1/15) Zot: 5832

Altars:

... °§ .. ###§#
..☼§#§#########?. #
.#°#°○.......... .§ .§§§
..... ...
○##○###.○####.####..
§○°§§§☼°§#.#...#.#.#####
§§§.§§J@§##.....##.....
########☼#.......#.#.###
#°☼☼..⌠.......#..
#☼#°.○....#.###..
#§##§☼§§.##......
#○#.#°☼○#[#......
.°####§####......
.§§...§§.........
#.##..............


You could see an endoplasm.


Message History

😕 HP[+1]
Items here: ††††. 😕 HP[+1]
The bat closely misses you. The bat hits you but does no damage.
The bat hits you. 😕 HP[-1]
You take 1 damage, and now have 20/22 hp.
You closely miss the bat. The bat hits you but does no damage.
The bat hits you. The bat attacks as it pursues you! The bat hits you.
The bat closely misses you. The bat misses you.
You see here a +0 pair of boots. 😕 HP[-1]
You take 1 damage, and now have 19/22 hp.
h - a +0 pair of boots The bat hits you but does no damage.
The bat closely misses you. 😕 HP[+1]
The bat hits you. 😕 HP[-1]
You take 1 damage, and now have 19/22 hp.
You hit the bat but do no damage. The bat closely misses you.
The bat hits you but does no damage. 😕 HP[+1]
You hit the bat. The bat hits you but does no damage.
The bat barely misses you. The bat misses you. The bat closely misses you.
The bat hits you. The bat hits you but does no damage.
You barely miss the bat. The bat closely misses you. The bat misses you.
The bat barely misses you. 😕 HP[+1]
You hit the bat but do no damage. The bat closely misses you.
The bat hits you but does no damage. x3
The bat hits you but does no damage. 😎 HP[+1]
Your hp is fully restored (22).
You hit the bat. The bat barely misses you.
The bat hits you but does no damage.
You hit the bat.
You kill the bat!
i - 2 fuming emerald potions
j - a scroll labelled ZUAGGU QOAM You now have 8 gold pieces (gained 5).
You now have 23 gold pieces (gained 15).
There is a fountain of clear blue water here.
You now have 38 gold pieces (gained 15).
An endoplasm comes into view.
You start putting on your armour.
You continue putting on your +0 pair of boots. x2
The endoplasm quivers.
You continue putting on your +0 pair of boots. x2
You finish putting on your +0 pair of boots.
The air fills with toxic fumes!
As you read the scroll labelled TESHRA UGUFOPS, it crumbles to dust.
It was a scroll of poison.
Unknown command.
There are no items here.
There are no items here.
You barely miss the endoplasm. The endoplasm freezes you.
You are frozen. 😕 HP[-4]
You take 4 damage, and now have 18/22 hp.
You hit the endoplasm but do no damage. The endoplasm freezes you.
You are frozen. 😕 HP[-1]
You take 1 damage, and now have 17/22 hp.
You hit the endoplasm.
The endoplasm hits you but does no damage.
The endoplasm freezes you.
You are frozen. 😮 HP[-1]
You take 1 damage, and now have 16/22 hp.
You hit the endoplasm but do no damage. The endoplasm freezes you.
You are frozen. 😮 HP[-4]
You take 4 damage, and now have 12/22 hp.
You hit the endoplasm. The endoplasm freezes you.
You are frozen.
* * * LOW HITPOINT WARNING * * *
😨 HP[-4]
You take 4 damage, and now have 8/22 hp.
You hit the endoplasm. The endoplasm freezes you.
You are frozen.
* * * LOW HITPOINT WARNING * * *
😱 HP[-4]
You take 4 damage, and now have 4/22 hp.
You hit the endoplasm but do no damage. The endoplasm freezes you.
You are frozen.
* * * LOW HITPOINT WARNING * * *
😱 HP[-2]
You take 2 damage, and now have 2/22 hp.
You barely miss the endoplasm. The endoplasm hits you.
You die...

Skill      XL: |  1 |
---------------+----+-----
Short Blades   | 3 |  3.5
Fighting       | |  2.0
Throwing       | |  1.7
Dodging        | |  2.6

Action                     || total
---------------------------++-------
  Melee: Rapier            ||    47
    Use: Scroll            ||     1
 Armour: Leather armour    ||    38
  Dodge: Dodged            ||    40

Levels and vault maps discovered:
D:1:      heliophobic_arrival_dark_side_of_the_moon, layout_basic,
          minmay_nonomino_d4

Notes
Turn   | Place    | Note
-------+----------+-------------------------------------------
     0 | D:1      | ytrimaz the Coglin Gladiator began the quest for the Orb.
     0 | D:1      | Reached XP level 1. HP: 16/16 MP: 1/1
     0 | D:1      | magus.rc [v1.9.6]
    27 | D:1      | Reached skill level 3 in Short Blades
    42 | D:1      | Reached XP level 2. HP: 15/22 MP: 2/2
   144 | D:1      | HP: 4/22 [frozen (4)]
   146 | D:1      | Slain by an endoplasm

Vanquished Creatures
  A ball python (D:1)
  A bat (D:1)
  A giant cockroach (D:1)
  A goblin (D:1)
  2 hobgoblins (D:1)
  A jackal (D:1)
  2 frilled lizards (D:1)
  A rat (D:1)
10 creatures vanquished.

Table legend:
 A = Non-vault XP
 B = Vault XP
 C = Vault XP percentage of total XP
 D = Non-vault monster count
 E = Vault monster count
 F = Vault count percentage of total count
                 A         B        C        D         E       F
            +---------+---------+-------+---------+---------+-------
      Total |      14 |      13 |  48.1 |       5 |       5 |  50.0
            +---------+---------+-------+---------+---------+-------
        D:1 |      14 |      13 |  48.1 |       5 |       5 |  50.0
            +---------+---------+-------+---------+---------+-------

Skill      XL: |  1 |
---------------+----+-----
Short Blades   | 3 |  3.5
Fighting       | |  2.0
Throwing       | |  1.7
Dodging        | |  2.6

Action                     || total
---------------------------++-------
  Melee: Rapier            ||    47
    Use: Scroll            ||     1
 Armour: Leather armour    ||    38
  Dodge: Dodged            ||    40

Illustrated notes

Table legend:
 A = Kills in this place as a percentage of kills in the entire game.
 B = Kills by you in this place as a percentage of kills by you in the entire game.
 C = Kills by friends in this place as a percentage of kills by friends in the entire game.
 D = Other kills in this place as a percentage of other kills in the entire game.
 E = Experience gained in this place as a percentage of experience gained in the entire game.
 F = Experience gained in this place divided by the number of levels of this place that you have seen.
                   A       B       C       D       E      F
               +-------+-------+-------+-------+-------+----------------------
         Total | 100.0 | 100.0 |   N/A |   N/A | 100.0 |  27.0
       Dungeon | 100.0 | 100.0 |   N/A |   N/A | 100.0 |  27.0
               +-------+-------+-------+-------+-------+----------------------

Table legend: (Time is in decaauts)
 A = Elapsed time spent in this place.
 B = Non-inter-level travel time spent in this place.
 C = Inter-level travel time spent in this place.
 D = Time resting spent in this place.
 E = Time spent auto-exploring this place.
 F = Levels seen in this place.
 G = Mean time per level.
                   A        B        C        D        E       F      G
               +--------+--------+--------+--------+--------+-----+--------+
         Total |    166 |    166 |      0 |      0 |     57 |   1 |  166.0 |
       Dungeon |    166 |    166 |      0 |      0 |     57 |   1 |  166.0 |
               +--------+--------+--------+--------+--------+-----+--------+

Top non-repeatable levels by time:
     D:1: 166 daAuts
